 Dungeon Crawl Stone Soup version 0.15.2 (webtiles) character file.

102 kae the Insei (level 4, -1/35 HPs)
             Began as a Draconian Transmuter on Feb 5, 2015.
             Killed by divine providence
             ... invoked by an orc priest
              (14 damage)
             ... on Level 3 of the Dungeon.
             The game lasted 00:02:00 (2145 turns).

kae the Insei (Draconian Transmuter)                Turns: 2145, Time: 00:02:00

HP  -1/35        AC  2     Str 12      XL: 4   Next: 49%
MP   4/7         EV 19     Int 14      God:
Gold 62          SH  0     Dex 17      Spells:  3 memorised,  1 level left

rFire  . . .     SeeInvis .       - Unarmed
rCold  . . .     Clarity  .     (armour unavailable)
rNeg   . . .     rCorr    .     (shield currently unavailable)
rPois  x         rRot     .     (helmet currently unavailable)
rElec  .         Spirit   .     (cloak currently unavailable)
SustAb .         Warding  .     (gloves currently unavailable)
rMut   .         Stasis   .     g - melded +0 pair of boots
Gourm  .                        (no amulet)
MR     .....                    (no ring)
                                (no ring)

@: spider-form (expiring), not resistant to hostile enchantments, unstealthy
A: unfitting armour, (cold-blooded), AC +5
a: End Transformation


You were on level 3 of the Dungeon.
You were hungry.
You were in spider-form.
You visited 1 branch of the dungeon, and saw 3 of its levels.

You collected 62 gold pieces.

Inventory:

Missiles
 b - 48 arrows
 i - 20 arrows of dispersal
Armour
 g - a +0 pair of boots (melded)
Magical devices
 n - a wand of slowing (10) {unknown}
Comestibles
 a - a bread ration
Scrolls
 c - 2 scrolls of remove curse {unknown}
 e - 4 scrolls of identify {unknown}
 f - 2 scrolls of fear {unknown}
 m - a scroll of noise {unknown}
Potions
 h - a potion of degeneration {unknown}
 k - a potion of restore abilities {unknown}
 l - a potion of might
 o - a potion of heal wounds {unknown}
 p - a potion of experience {unknown}
Books
 d - a book of Changes

   Spells                             Type                      Level
   *Beastly Appendage                 Transmutation                1
   *Sticks to Snakes                  Transmutation                2
   *Spider Form                       Transmutation/Poison         3
   Ice Form                           Ice/Transmutation            4
   Blade Hands                        Transmutation                5


   Skills:
 - Level 1.1 Fighting
 - Level 1.7 Dodging
 * Level 4.8 Unarmed Combat
 - Level 2.0 Spellcasting
 + Level 2.8 Transmutations


You had one spell level left.
You knew the following spells:

 Your Spells              Type           Power        Failure   Level  Hunger
a - Beastly Appendage     Trmt           #.....       24%         1    ##.....
b - Sticks to Snakes      Trmt           #.........   32%         2    ###....
c - Spider Form           Trmt/Pois      #.........   69%         3    ####...


Dungeon Overview and Level Annotations

Branches:
Dungeon (3/15)

Altars:
Dithmenos
Xom

Annotations:
D:3 Alarkh's ghost, average HECj


Innate Abilities, Weirdness & Mutations

((Your plain brown scales are hard (AC +5).))
Your body does not fit into most forms of armour.
((Your cold-blooded metabolism reacts poorly to cold.))


Message History

a mace; an orc corpse You hit the orc priest but do no damage.
Your headbutt misses the orc priest.
Your tail-slap misses the orc priest.
The orc priest is lightly wounded.
The orc priest hits you.
You hit the orc priest.
Your tail-slap misses the orc priest.
The orc priest is lightly wounded.
The orc priest barely misses you.
Casting: Beastly Appendage
Confirm with . or Enter, or press ? or * to list all spells.
Your horns disappear.
You turn into a venomous arachnid creature.
Your +0 pair of boots melds into your body.
The orc misses you.
You hit the orc priest.
The orc priest is poisoned.
The orc priest is heavily wounded.
Your transformation is almost over.
The orc priest invokes the aid of Beogh against you.
Something smites you!
You die...

###
..#
###.#
#<#o#
#.#.#
#s#o#
#o#.#
#oo.#
#####


You could see an orc priest and 2 orcs.

Vanquished Creatures
  An adder (D:2)
  3 worms (D:2)
  2 giant geckos (D:1)
  An ooze (D:3)
  2 orcs (D:3)
  3 giant cockroaches
  8 goblins
  10 hobgoblins
  6 jackals
  A quokka (D:2)
  8 bats
  3 giant newts
  11 kobolds
  6 rats
65 creatures vanquished.

Notes
Turn   | Place    | Note
--------------------------------------------------------------
     0 | D:1      | kae, the Draconian Transmuter, began the quest for the Orb.
     0 | D:1      | Reached XP level 1. HP: 16/16 MP: 3/3
    74 | D:1      | Reached XP level 2. HP: 20/23 MP: 4/4
   350 | D:1      | Reached skill level 4 in Unarmed Combat
   355 | D:1      | Reached XP level 3. HP: 10/28 MP: 4/6
   672 | D:1      | Learned a level 2 spell: Sticks to Snakes
   676 | D:1      | Learned a level 3 spell: Spider Form
   775 | D:2      | Found a shimmering altar of Xom.
  1131 | D:2      | Found a shadowy altar of Dithmenos.
  1311 | D:2      | Reached XP level 4. HP: 12/35 MP: 7/7
  1879 | D:3      | Noticed Alarkh's ghost (average HECj)
  2145 | D:3      | Killed from afar by an orc priest

Action                   |  1- 3 |  4- 6 || total
-------------------------+-------+-------++-------
Melee: Unarmed           |   147 |    57 ||   204
 Cast: Beastly Appendage |     7 |     2 ||     9
       Spider Form       |     1 |     1 ||     2
  Use: Potion            |     1 |       ||     1
  Eat: Chunk             |     2 |     2 ||     4
